 Dungeon Crawl Stone Soup version 0.24-a0-451-g263dff2034 (webtiles) character file.

Game seed: 14381676041720109380

18585 Gynju the Grappler (level 12, -8/177 HPs)
             Began as a Troll Fighter on June 26, 2019.
             Was a High Priest of Cheibriados.
             Mangled by a death yak (18 damage)
             ... on level 3 of the Lair of Beasts.
             The game lasted 00:27:32 (10145 turns).

Gynju the Grappler (Troll Fighter)                 Turns: 10145, Time: 00:27:32

Health: -8/177     AC: 28    Str: 46    XL:     12   Next: 29%
Magic:  15/15      EV:  1    Int: 18    God:    Cheibriados [*****.]
Gold:   775        SH: 14    Dex: 27    Spells: 11/11 levels left

rFire    . . .     SeeInvis .     - Unarmed
rCold    . . .     Gourm    +   b - +0 shield
rNeg     + + +     Faith    .   (armour currently unavailable)
rPois    +         Spirit   .   (helmet currently unavailable)
rElec    .         Reflect  .   (cloak currently unavailable)
rCorr    .         Harm     +   (gloves unavailable)
MR       .....     NoTele   +   (boots unavailable)
Stlth    ++........             e - amulet of harm
HPRegen  0.79/turn              B - +2 ring of protection
MPRegen  0.14/turn              H - +5 ring of strength

@: tree-form, very slow
A: large, unfitting armour, fast metabolism 3, gourmand, regeneration 1
a: Bend Time, Temporal Distortion, Slouch, Step From Time, Renounce Religion


You were on level 3 of the Lair of Beasts.
You worshipped Cheibriados.
Cheibriados was extremely pleased with you.
You were completely stuffed.
You were a tree.
You visited 2 branches of the dungeon, and saw 14 of its levels.

You collected 775 gold pieces.

Inventory:

Hand Weapons
 I - a +4 scimitar of flaming
Missiles
 j - 153 stones
 J - 9 large rocks (quivered)
Armour
 b - a +0 shield (worn)
 q - a +1 cloak of invisibility
 E - the +2 ratskin cloak (melded) {+Rats rPois rN+ Str-1 Int-1 Dex+1}
   (You found it on level 8 of the Dungeon)

   It affects your strength (-1).
   It affects your intelligence (-1).
   It affects your dexterity (+1).
   It protects you from poison.
   It protects you from negative energy.
 F - a +2 robe of positive energy (melded)
 R - a +2 hat (melded)
Jewellery
 e - an amulet of harm (around neck)
 g - an uncursed ring of stealth
 y - a +5 ring of intelligence
 B - a +2 ring of protection (left branch)
 H - a +5 ring of strength (right branch)
 T - a cursed ring of teleportation {unknown}
Wands
 p - a wand of paralysis (12)
 t - a wand of flame (65)
 A - a wand of iceblast (12)
 N - a wand of scattershot (3)
 Q - a wand of disintegration (10)
 U - a wand of acid (10)
Scrolls
 c - 7 scrolls of identify
 k - 5 scrolls of enchant weapon
 l - 3 scrolls of amnesia
 n - 8 scrolls of remove curse
 r - 2 scrolls of fear
 u - 2 scrolls of teleportation
 v - 3 scrolls of enchant armour
 w - 7 scrolls of magic mapping
 x - 2 scrolls of fog
 D - a scroll of acquirement {unknown}
 K - 2 scrolls of blinking {unknown}
 P - a scroll of torment {unknown}
 V - a scroll of brand weapon {unknown}
Potions
 a - a potion of brilliance {unknown}
 f - 3 potions of heal wounds
 h - a potion of lignification
 i - 2 potions of resistance
 m - a potion of curing {unknown}
 o - 2 potions of magic {unknown}
 s - 2 potions of flight {unknown}
 z - 3 potions of haste {unknown}
 C - 2 potions of degeneration {unknown}
 G - 2 potions of ambrosia {unknown}
 L - a potion of mutation {unknown}
 M - a potion of might
 S - a potion of invisibility {unknown}
 X - 2 potions of agility
Miscellaneous
 O - a fan of gales
Comestibles
 d - 34 rations
 W - a chunk of flesh


   Skills:
 + Level 7.6 Fighting
 + Level 6.3 Throwing
 + Level 7.5 Dodging
 + Level 7.5 Shields
 - Level 8.1 Unarmed Combat
 + Level 6.2 Invocations
 - Level 5.3 Evocations


You had 11 spell levels left.
You didn't know any spells.
Your spell library contained the following spells:

 Spells                   Type           Power        Failure   Level  Hunger
 Animate Skeleton         Necr           N/A          30%         1    ##.....
 Apportation              Tloc           #.....       30%         1    ##.....
 Confusing Touch          Hex            #.....       30%         1    ##.....
 Magic Dart               Conj           #...         30%         1    ##.....
 Pain                     Necr           #...         30%         1    ##.....
 Summon Small Mammal      Summ           #...         30%         1    ##.....
 Blink                    Tloc           N/A          41%         2    ###....
 Call Imp                 Summ           #.......     41%         2    ###....
 Searing Ray              Conj           #.....       41%         2    ###....
 Slow                     Hex            #.......     41%         2    ###....
 Conjure Flame            Conj/Fire      #.......     65%         3    ####...
 Dazzling Spray           Conj/Hex       #.....       65%         3    ####...
 Mephitic Cloud           Conj/Pois/Air  #.......     65%         3    ####...
 Regeneration             Chrm/Necr      #.........   65%         3    ####...
 Vampiric Draining        Necr           #.........   65%         3    ####...
 Animate Dead             Necr           N/A          96%         4    #####..
 Force Lance              Conj/Tloc      #.......     96%         4    #####..
 Fulminant Prism          Conj/Hex       #.........   96%         4    #####..
 Iskenderun's Mystic Bla  Conj           #.......     96%         4    #####..
 Irradiate                Conj/Tmut      #.........   100%        5    ######.
 Hydra Form               Tmut           #.........   100%        6    #######
 Statue Form              Tmut/Erth      #........    100%        6    #######
 Dragon Form              Tmut           #.........   100%        7    #######


Dungeon Overview and Level Annotations

Branches:
Dungeon (10/15)            Temple (0/1) D:5            Lair (4/6) D:8
 Shoals (0/4) Lair:3
  Snake: Lair:2-4    Spider: Lair:2-4       Orc: D:9-12

Altars:
Cheibriados
Elyvilon
Nemelex Xobeh
Qazlal
Trog
The Shining One

Shops:
D:4 }   D:6 ?   D:9 [


Innate Abilities, Weirdness & Mutations

You are too large for most types of armour.
((You have claws for hands.))
Your metabolism is lightning-fast.
You like to eat raw meat.
Your natural rate of healing is unusually fast.
((You are covered in fur. (AC +1)))
((You have extremely tough skin. (AC +3)))


Message History

You are too injured to fight recklessly!
You are too injured to fight recklessly!
You are too injured to fight recklessly!
You hit the death yak but do no damage.
The death yak is heavily wounded.
You block the death yak's attack. x2
The death yak gores you but does no damage.
The death yak gores you!
* * * LOW HITPOINT WARNING * * *
You pummel the death yak!!
The death yak is almost dead.
You block the death yak's attack.
The death yak gores you but does no damage.
You block the death yak's attack. The death yak gores you!
* * * LOW HITPOINT WARNING * * *
You pummel the death yak!!
You kill the death yak!
Cheibriados thoroughly appreciates the change of pace.
The death yak gores you!
You die...

######## ### ############
..##.#.##########.###.##.##..#P##
.................................
......#.#............##...##.+#..
.......###....)......#...........
......## #...........+........#..
PP#...# ##.......Y...............
###...###.......♣Y............#..
###......#......Y.....P#.#.P..#..
.#.#..###.................>......
.......##....[#.#+...............
.......##........................
.......##....+......P............
......####...#......P............
|............#........######.....
..##.........#...[###..# #P....


You could see 3 death yaks.

Vanquished Creatures
  Gastronok (Lair:2)
  2 hydras
  2 two-headed ogres
  A death yak (Lair:3)
  Erica (D:10)
  A cyclops (D:10)
  Maurice (D:8)
  Joseph (D:8)
  3 spiny frogs
  A black mamba (Lair:3)
  Psyche (D:8)
  2 komodo dragons
  A troll (D:6)
  A snapping turtle (Lair:3)
  4 hippogriffs
  3 wyverns
  4 hogs (D:8)
  A human (D:8)
  16 yaks
  2 hungry ghosts
  6 water moccasins
  3 porcupines
  4 phantoms
  5 orc warriors
  2 sky beasts
  3 ogres
  2 centaurs
  4 crocodiles
  2 big kobolds (D:8)
  Blork the orc (D:5)
  9 bullfrogs
  A water moccasin zombie (D:6)
  4 wights (D:7)
  4 electric eels
  2 howler monkeys
  3 centaur zombies
  5 crimson imps
  A bullfrog zombie (D:6)
  5 hounds
  A quasit (D:7)
  A jelly (D:8)
  Crazy Yiuf (D:7)
  6 orc priests
  A centaur skeleton (D:7)
  A bullfrog skeleton (D:7)
  2 iguanas
  A hell rat (D:8)
  10 orc wizards
  6 worker ants
  A hound skeleton (D:8)
  10 adders
  6 river rats (D:8)
  3 shadow imps
  An ooze (D:2)
  An adder zombie (D:5)
  An adder skeleton (D:4)
  2 worms
  A dart slug (D:2)
  4 leopard geckos
  39 orcs
  5 bats
  6 giant cockroaches
  9 goblins
  14 hobgoblins
  5 jackals
  5 quokkas
  A ball python (D:2)
  4 frilled lizards
  20 kobolds
  A quokka skeleton (D:2)
  A quokka zombie (D:10)
  23 rats
308 creatures vanquished.

Vanquished Creatures (others)
  A fungus (Lair:2)
1 creature vanquished.

Grand Total: 309 creatures vanquished

Notes
Turn   | Place    | Note
-------+----------+-------------------------------------------
     0 | D:1      | Gynju the Troll Fighter began the quest for the Orb.
     0 | D:1      | Reached XP level 1. HP: 22/22 MP: 0/0
   177 | D:1      | Reached XP level 2. HP: 27/29 MP: 1/1
   252 | D:1      | Reached skill level 3 in Unarmed Combat
   511 | D:2      | Reached XP level 3. HP: 36/36 MP: 2/2
   550 | D:2      | Reached skill level 4 in Unarmed Combat
   713 | D:2      | Reached XP level 4. HP: 44/44 MP: 3/3
  1285 | D:3      | Found a bloodstained altar of Trog.
  1319 | D:3      | Noticed a wyvern
  1324 | D:3      | Killed a wyvern
  1324 | D:3      | Reached skill level 6 in Unarmed Combat
  1324 | D:3      | Reached XP level 5. HP: 50/50 MP: 4/4
  1364 | D:3      | Found a white marble altar of Elyvilon.
  1365 | D:3      | Found a stormy altar of Qazlal.
  1365 | D:3      | Found a glowing golden altar of the Shining One.
  1603 | D:3      | Reached XP level 6. HP: 49/59 MP: 5/5
  2116 | D:4      | Reached skill level 7 in Unarmed Combat
  2144 | D:4      | Found Pokalla's Gadget Boutique.
  2195 | D:4      | Found a snail-covered altar of Cheibriados.
  2327 | D:4      | Became a worshipper of Cheibriados the Contemplative
  2347 | D:5      | Entered Level 5 of the Dungeon
  2381 | D:5      | Found a staircase to the Ecumenical Temple.
  2529 | D:5      | Reached XP level 7. HP: 63/66 MP: 6/6
  2597 | D:5      | Noticed Blork the orc
  2608 | D:5      | Killed Blork the orc
  2608 | D:5      | Reached skill level 8 in Unarmed Combat
  3171 | D:6      | Reached skill level 1 in Invocations
  3186 | D:6      | Reached skill level 1 in Evocations
  3192 | D:5      | Reached * piety under Cheibriados
  3267 | D:6      | Reached XP level 8. HP: 73/75 MP: 8/8
  3417 | D:6      | Noticed a troll
  3427 | D:6      | Killed a troll
  3533 | D:6      | Reached ** piety under Cheibriados
  3671 | D:6      | Found Loigruets's Magic Scroll Shoppe.
  3906 | D:6      | Reached XP level 9. HP: 84/84 MP: 10/10
  4367 | D:7      | Found a bloodstained altar of Trog.
  4716 | D:7      | Found a runed translucent door.
  4717 | D:7      | Noticed Crazy Yiuf
  4886 | D:7      | Killed Crazy Yiuf
  4977 | D:8      | Reached skill level 1 in Throwing
  5021 | D:8      | Reached *** piety under Cheibriados
  5137 | D:8      | Found a sparkling altar of Nemelex Xobeh.
  5225 | D:8      | Reached skill level 5 in Fighting
  5229 | D:8      | Reached skill level 5 in Dodging
  5300 | D:8      | Noticed Maurice
  5304 | D:8      | Paralysed by something for 6 turns
  5316 | D:8      | Paralysed by something for 2 turns
  5323 | D:8      | Killed Maurice
  5323 | D:8      | Reached skill level 5 in Shields
  5323 | D:8      | Reached XP level 10. HP: 91/96 MP: 12/12
  5351 | D:8      | Noticed a two-headed ogre
  5613 | D:9      | Found a snail-covered altar of Cheibriados.
  5715 | D:9      | Found Raverph's Armour Emporium.
  5781 | D:9      | Noticed a two-headed ogre
  5791 | D:9      | Killed a two-headed ogre
  5851 | D:8      | Reached skill level 5 in Invocations
  5883 | D:8      | Noticed Psyche
  5886 | D:8      | Killed Psyche
  6045 | D:8      | Reached **** piety under Cheibriados
  6093 | D:8      | Found the +2 ratskin cloak {+Rats rPois rN+ Str-1 Int-1
                  | Dex+1}
  6182 | D:8      | Found a staircase to the Lair.
  6203 | D:8      | Killed a two-headed ogre
  6243 | D:8      | Noticed Joseph
  6252 | D:8      | Killed Joseph
  6297 | D:8      | Reached ***** piety under Cheibriados
  6792 | D:10     | Entered Level 10 of the Dungeon
  6855 | D:10     | Reached XP level 11. HP: 105/105 MP: 13/13
  6903 | D:10     | Noticed Erica
  6920 | D:10     | Killed Erica
  7121 | D:10     | Reached skill level 5 in Evocations
  7756 | Lair:1   | Entered Level 1 of the Lair of Beasts
  7912 | Lair:1   | Reached skill level 5 in Throwing
  8381 | Lair:2   | Noticed Gastronok
  8397 | Lair:2   | Killed Gastronok
  8617 | Lair:2   | Noticed a four-headed hydra
  8621 | Lair:2   | Killed a four-headed hydra
  9183 | Lair:3   | Noticed a four-headed hydra
  9188 | Lair:3   | Killed a four-headed hydra
  9188 | Lair:3   | Reached XP level 12. HP: 118/118 MP: 15/15
 10036 | Lair:3   | Found a staircase to the Shoals.
 10108 | Lair:4   | Noticed a death yak
 10108 | Lair:4   | Noticed a death yak
 10108 | Lair:4   | Noticed a death yak
 10109 | Lair:4   | Noticed a death yak
 10110 | Lair:4   | Noticed a death yak
 10111 | Lair:4   | Noticed a death yak
 10145 | Lair:3   | Killed a death yak
 10145 | Lair:3   | Mangled by a death yak

Levels and vault maps discovered:
D:1:      lightli_arrival_quake, layout_rooms, minivault_27
D:2:      layout_loops_ring, first_ration, dk_vineyard_1
D:3:      layout_rooms, bloody_trog, gammafunk_temple_overflow_forgotten,
          minmay_goblin_kobold_house
D:4:      layout_loops_ring, lemuel_round_altar, serial_shops, shop
D:5:      layout_cave_pods, temple_fountains, uniq_blork_the_orc
D:6:      layout_loops_ring, serial_shops, shop
D:7:      layout_layer_cave, basic_altar, uniq_crazy_yiuf_cottage
D:8:      wander_guarded_unrand_ratskin, layout_basic,
          overflow_temple_1_default, grunt_livestock, uniq_maurice, uniq_joseph,
          uniq_psyche
D:9:      layout_rooms, serial_shops, kennysheep_mini_moat, basic_altar,
          kennysheep_generic_room_2
D:10:     layout_basic, lightli_minifort, uniq_erica
Lair:1:   layout_misc_corridors
Lair:2:   layout_cave_pods, uniq_gastronok
Lair:3:   layout_chaotic_city, minmay_shoals_entry_hut
Lair:4:   layout_regular_city, nicolae_spider_entry_orb_guardian

Skill      XL: |  1  2  3  4  5  6  7  8  9 10 11 12 |
---------------+-------------------------------------+-----
Unarmed Combat | 3 4 6 7 8 |  8.1
Invocations    | 1 3 4 5 6 |  6.2
Evocations     | 1 2 3 4 5 |  5.3
Fighting       | 3 4 5 6 7 |  7.6
Dodging        | 3 4 5 6 7 |  7.5
Shields        | 3 4 5 6 7 |  7.5
Throwing       | 2 4 5 6 |  6.3

Action                   |  1- 3 |  4- 6 |  7- 9 | 10-12 || total
-------------------------+-------+-------+-------+-------++-------
Melee: Unarmed           |    72 |   152 |   265 |   379 ||   868
Throw: Large rock        |       |       |       |     9 ||     9
Invok: Bend Time         |       |       |     3 |       ||     3
Evoke: Wand              |       |       |       |     7 ||     7
  Use: Scroll            |       |       |    14 |       ||    14
       Potion            |       |       |     2 |     2 ||     4
 Stab: Sleeping          |     4 |     7 |     5 |     5 ||    21
       Distracted        |       |       |     1 |       ||     1
       Paralysed         |       |       |       |    15 ||    15
  Eat: Chunk             |    12 |    17 |    20 |    42 ||    91
Armor: Robe              |    31 |    43 |    73 |    74 ||   221
       Skin              |       |       |       |     4 ||     4
Dodge: Dodged            |    25 |    53 |    91 |   162 ||   331
Block: Shield            |    28 |    59 |   122 |   237 ||   446

Table legend:
 A = Non-vault XP
 B = Vault XP
 C = Vault XP percentage of total XP
 D = Non-vault monster count
 E = Vault monster count
 F = Vault count percentage of total count
                 A         B        C        D         E       F
            +---------+---------+-------+---------+---------+-------
      Total |   19908 |    6642 |  25.0 |     259 |      49 |  15.9
            +---------+---------+-------+---------+---------+-------
        D:1 |      24 |       0 |   0.0 |      16 |       0 |   0.0
        D:2 |      87 |       0 |   0.0 |      24 |       0 |   0.0
        D:3 |     263 |      23 |   8.0 |      24 |      12 |  33.3
        D:4 |     150 |       0 |   0.0 |       9 |       0 |   0.0
        D:5 |     394 |      96 |  19.6 |      11 |       1 |   8.3
        D:6 |    1858 |       0 |   0.0 |      38 |       0 |   0.0
        D:7 |    1503 |      41 |   2.7 |      24 |       1 |   4.0
        D:8 |    2459 |    2400 |  49.4 |      37 |      29 |  43.9
        D:9 |    1306 |     209 |  13.8 |      10 |       2 |  16.7
       D:10 |    3101 |    1411 |  31.3 |      34 |       2 |   5.6
     Lair:1 |    1496 |       0 |   0.0 |       9 |       0 |   0.0
     Lair:2 |    2183 |    2203 |  50.2 |       5 |       1 |  16.7
     Lair:3 |    5084 |     259 |   4.8 |      18 |       1 |   5.3
            +---------+---------+-------+---------+---------+-------
